 Dungeon Crawl Stone Soup version 0.30-a0-371-gad7725a93e (webtiles) character file.

Game seed: 1934424647454178614

60956 Haldmier the Bludgeoner (level 15, -8/122 HPs)
             Began as a Human Delver on Nov 22, 2022.
             Was the Champion of Makhleb.
             Killed from afar by a blizzard demon (24 damage)
             ... with a bolt of lightning
             ... summoned by the player character
             ... on level 1 of the Orcish Mines.
             The game lasted 01:20:54 (14452 turns).

Haldmier the Bludgeoner (Human Delver)             Turns: 14452, Time: 01:20:54

Health: -8/122     AC: 34    Str: 20    XL:     15   Next: 40%
Magic:  23/23      EV:  8    Int: 12    God:    Makhleb [******]
Gold:   2556       SH:  5    Dex: 15    Spells: 14/14 levels left

rFire   + . .      SeeInvis .    b - +9 war axe "Impslayer" {vorpal, Str+2}
rCold   + . .      Faith    .    T - +0 buckler
rNeg    . . .      Spirit   .    L - +18 Lear's hauberk
rPois   .          Reflect  .    (helmet currently unavailable)
rElec   .          Harm     .    t - scarf {rC+ rF+}
rCorr   .          Rampage  .    (gloves currently unavailable)
Will    +....                    (boots currently unavailable)
Stlth   ..........               r - amulet of regeneration
HPRegen 1.20/turn                U - +4 ring of protection
MPRegen 0.18/turn                z - +4 ring of slaying

@: no status effects
A: no striking features
a: Renounce Religion, Minor Destruction, Lesser Servant of Makhleb, Major
Destruction, Greater Servant of Makhleb


You were on level 1 of the Orcish Mines.
You worshipped Makhleb.
Makhleb was exalted by your worship.
You visited 4 branches of the dungeon, and saw 18 of its levels.
You also visited: Sewer.

You collected 2606 gold pieces.
You spent 50 gold pieces at shops.

Inventory:

Hand Weapons
 b - the +9 war axe "Impslayer" (weapon) {vorpal, Str+2}
   (You found it on level 3 of the Dungeon)

   It inflicts extra damage upon your enemies.
   Str:       It affects your strength (+2).
 B - a +2 vorpal mace
 R - a +0 scimitar of flaming
Missiles
 i - 2 curare-tipped darts
 k - 21 poisoned darts (quivered)
 F - 2 javelins
 V - 2 throwing nets
Armour
 d - the +3 ring mail of Doniofiu {rPois rC+++ Slay-2 SInv}
   (You found it on level 10 of the Dungeon)

   Slay:      It affects your accuracy & damage with ranged weapons and melee
   (-2).
   rC:        It renders you almost immune to cold.
   rPois:     It protects you from poison.
   SInv:      It lets you see invisible.
 t - a scarf of resistance (worn)
 v - a +0 plate armour
 L - the +18 Lear's hauberk (worn)
   (You found it on level 10 of the Dungeon)
 M - a +0 pair of gloves
 N - a +0 helmet
 O - a +0 pair of boots
 T - a +0 buckler (worn)
 Z - a +0 scale mail of positive energy
Jewellery
 r - an amulet of regeneration (around neck)
 z - a +4 ring of slaying (right hand)
 C - a ring of protection from cold
 S - an amulet of reflection
 U - a +4 ring of protection (left hand)
Wands
 e - a wand of roots (8)
 g - a wand of digging (9)
 w - a wand of mindburst (7)
 X - a wand of paralysis (18)
Scrolls
 c - a scroll of fog
 f - 10 scrolls of teleportation
 h - 4 scrolls of enchant weapon {unknown}
 u - 5 scrolls of poison {unknown}
 x - 4 scrolls of blinking {unknown}
 y - 3 scrolls of enchant armour
 A - 2 scrolls of butterflies {unknown}
 E - a scroll of magic mapping
 H - 4 scrolls of immolation
 I - 2 scrolls of brand weapon
 K - 2 scrolls of silence {unknown}
 W - a scroll of fear
Potions
 a - 3 potions of flight
 j - 3 potions of berserk rage
 l - a potion of might
 m - a potion of invisibility
 n - 2 potions of brilliance
 o - a potion of mutation
 q - 2 potions of haste
 s - 8 potions of curing
 D - 3 potions of cancellation
 G - 3 potions of lignification
 J - 4 potions of ambrosia
 P - 2 potions of magic
 Q - 2 potions of resistance
Miscellaneous
 Y - a phial of floods


   Skills:
 + Level 12.7 Fighting
 + Level 4.0(11.1) Axes
 - Level 16.0(16.1) Maces & Flails
 + Level 12.2 Armour
 - Level 2.3 Dodging
 - Level 5.2 Stealth
 - Level 4.0 Shields
 + Level 11.4 Invocations


You had 14 spell levels left.
You didn't know any spells.
Your spell library contained the following spells:

 Spells                   Type           Power      Damage    Failure   Level
 Magic Dart               Conj           0%         1d3       95%         1
 Blink                    Tloc           0%         N/A       99%         2
 Momentum Strike          Conj/Tloc      0%         3d8       99%         2
 Searing Ray              Conj           0%         2d4       99%         2
 Sublimation of Blood     Necr           0%         N/A       99%         2
 Wereblood                Tmut           0%         N/A       99%         2
 Call Canine Familiar     Summ           0%         N/A       100%        3
 Dazzling Flash           Conj/Hex       0%         N/A       100%        3
 Ignite Poison            Fire/Tmut/Pois 0%         N/A       100%        3
 Kindle Blastsparks       Fire/Tloc/Air  0%         2d10      100%        3
 Lesser Beckoning         Tloc           0%         N/A       100%        3
 Portal Projectile        Hex/Tloc       0%         N/A       100%        3
 Airstrike                Air            0%         2d(0-16)  100%        4
 Fulminant Prism          Conj/Hex       0%         3d5       100%        4
 Leda's Liquefaction      Hex/Erth       0%         N/A       100%        4
 Petrify                  Tmut/Erth      0%         N/A       100%        4
 Summon Lightning Spire   Summ/Air       0%         N/A       100%        4
 Agony                    Necr           0%         N/A       100%        5
 Freezing Cloud           Conj/Ice/Air   0%         6-21      100%        5
 Irradiate                Conj/Tmut      0%         3d11      100%        5
 Lightning Bolt           Conj/Air       0%         1d11      100%        5
 Silence                  Hex/Air        0%         N/A       100%        5
 Summon Hydra             Summ           0%         N/A       100%        7


Dungeon Overview and Level Annotations

Branches:
Dungeon (11/15)            Temple (1/1) D:4            Lair (5/5) D:11
 Shoals (0/4) Lair:3        Snake (0/4) Lair:2        Slime (0/5) Lair:5
    Orc (1/2) D:11          Sewer (visited)

Altars:
Ashenzari
Cheibriados
Dithmenos
Elyvilon
Fedhas
Gozag
Hepliaklqana
Kikubaaqudgha
Makhleb
Nemelex Xobeh
Okawaru
Qazlal
Ru
Sif Muna
Trog
Uskayaw
Vehumet
Wu Jian
Xom
Yredelemnul
Zin
The Shining One
Jiyva

Shops:
D:3 !   D:7 =   D:10 *

Annotations:
D:8 2 transporters, NigelTetley's ghost, novice OpTm


Message History

The orc warlord hits you with a +2 dire flail!
You hit the orc warlord.
The orc warlord is severely wounded.
You closely miss the troll. You hit the blizzard demon.
A warg comes into view.
You block the blizzard demon's attack. The blizzard demon hits you.
The troll barely misses you.
The troll claws you but does no damage. x2
The orc warlord hits you with a +2 dire flail!
The warg moves out of view.
You slash the orc warlord!
The orc warlord is severely wounded.
You hit the troll. You hit the blizzard demon. You slice the orc!!
You kill the orc!
Makhleb accepts your kill.
You feel better. The blizzard demon gestures at you.
The bolt of lightning hits you!!
* * * LOW HITPOINT WARNING * * *
The troll bites you but does no damage.
The troll claws you but does no damage. x2
The orc warlord hits you with a +2 dire flail!
* * * LOW HITPOINT WARNING * * *
You hear a howl!
The troll bites you!
* * * LOW HITPOINT WARNING * * *
You block the troll's attack. The troll claws you but does no damage.
Press: ? - help, v - describe, . - travel
Here: a blizzard demon (moderately wounded, summoned)
The floor.
Unknown command.
You feel much better. You block the blizzard demon's attack.
The blizzard demon closely misses you. The troll bites you but does no damage.
The troll claws you but does no damage. x2
The orc warlord hits you with a +2 dire flail.
* * * LOW HITPOINT WARNING * * *
The orc warrior attacks as you move away!
The orc warrior hits you with a +0 war axe!
* * * LOW HITPOINT WARNING * * *
The blizzard demon gestures at you. The bolt of lightning hits you!!
You die...

......h...........
..................
.......[.[........
......[.([$..#...#
.......))).......#
.$.....><........#
.........o2o.#..##
.........T.......#
##........$@.....#
#................#
.............##...#
....#......... .#.
######......## .
#......## ##.....#
##.....


You could see an orc warlord, a blizzard demon (summoned), a troll and an orc
warrior (strong).

Vanquished Creatures
  Kirke (Lair:4)
  Nessos (Lair:3)
  5 dire elephants (Lair:5)
  An ogre mage (D:10)
  A boulder beetle (Lair:5)
  4 hydras
  A centaur warrior (D:8)
  10 death yaks
  5 two-headed ogres
  A spectral dire elephant (Lair:5)
  Amaemon (Lair:3)
  A spectral death yak (Lair:5)
  A spectral anaconda (Lair:5)
  A lindwurm (Lair:5)
  An obsidian statue (Lair:5)
  A harpy (D:10)
  3 necromancers (Lair:5)
  An orc sorcerer (Orc:1)
  9 elephants
  2 cyclopes
  2 black mambas (Lair:3)
  A manticore (D:10)
  An orange demon (Lair:3)
  11 cane toads
  Psyche (D:9)
  10 komodo dragons
  A freezing wraith (D:10)
  2 rime drakes
  A troll (D:11)
  A polar bear (Lair:1)
  3 spectral elephants (Lair:5)
  A hornet (shapeshifter) (D:10)
  25 blink frogs
  A slime creature (D:10)
  56 yaks
  7 wraiths
  4 shadows
  4 wyverns
  2 hogs (Lair:4)
  A basilisk (Lair:3)
  2 steam dragons
  3 death yak simulacra (Lair:5)
  4 nagas (Lair:2)
  2 acid dragons
  13 water moccasins
  2 two-headed ogre zombies (D:11)
  An elephant zombie (Lair:5)
  An ice beast (D:6)
  7 orc warriors
  A sky beast (D:8)
  4 wolves (Lair:1)
  4 black bears
  5 centaurs
  An ogre (D:6)
  2 elephant skeletons (Lair:5)
  2 phantoms
  3 kobold brigands
  12 bullfrogs
  A scorpion (D:5)
  5 wights (D:8)
  11 killer bees
  A troll zombie (D:11)
  4 howler monkeys
  4 hounds
  2 jellies (D:6)
  A gnoll bouda (D:6)
  9 orc priests
  5 iguanas
  Jessica (D:3)
  14 orc wizards
  6 hell rats (Lair:5)
  A centaur simulacrum (D:10)
  5 ogre zombies (D:11)
  5 gnolls (D:6)
  4 adders
  2 shadow imps
  A white imp (D:7)
  An ufetubus (D:7)
  2 worms
  2 dart slugs
  26 orcs
  3 endoplasms
  5 giant cockroaches
  4 goblins
  16 hobgoblins
  5 quokkas
  2 ball pythons
  14 bats
  2 frilled lizards
  A goblin skeleton (D:11)
  3 goblin zombies (D:11)
  2 hobgoblin skeletons (D:11)
  A hobgoblin zombie (D:11)
  35 kobolds
  2 orc skeletons (D:11)
  16 orc zombies (D:11)
  11 rats
  A spectral orc (D:5)
491 creatures vanquished.

Vanquished Creatures (collateral kills)
  Erica (D:10)
  A kobold (D:10)
2 creatures vanquished.

Vanquished Creatures (others)
  A bush (D:10)
  15 fungi
  43 plants
  22 withered plants (Lair:5)
81 creatures vanquished.

Grand Total: 574 creatures vanquished

Notes
Turn   | Place    | Note
-------+----------+-------------------------------------------
     0 | D:5      | Haldmier the Human Delver began the quest for the Orb.
     0 | D:5      | Reached XP level 1. HP: 18/18 MP: 1/1
     3 | D:5      | Noticed an iguana
    18 | D:5      | Noticed an orc wizard
    84 | D:4      | Reached XP level 2. HP: 14/24 MP: 2/2
   318 | D:4      | Found a glowing drain.
   322 | Sewer    | Entered a sewer
   482 | Sewer    | Reached XP level 3. HP: 23/29 MP: 3/3
   726 | Sewer    | Reached skill level 7 in Maces & Flails
   726 | Sewer    | Reached skill level 5 in Armour
   726 | Sewer    | Reached XP level 4. HP: 40/40 MP: 4/4
   983 | D:4      | Found a stormy altar of Qazlal.
  1062 | D:3      | Noticed Jessica
  1073 | D:3      | Killed Jessica
  1123 | D:3      | Reached XP level 5. HP: 46/46 MP: 5/5
  1197 | D:1      | Reached skill level 8 in Maces & Flails
  2459 | D:3      | Found a faded altar of an unknown god.
  2488 | D:3      | Reached XP level 6. HP: 53/53 MP: 6/6
  2678 | D:3      | Found Qerph's Distillery.
  2683 | D:3      | Bought a potion of heal wounds for 50 gold pieces
  2774 | D:3      | Identified the +9 war axe "Impslayer" {vorpal, Str+2}
  3088 | D:4      | Found a staircase to the Ecumenical Temple.
  3106 | Temple   | Entered the Ecumenical Temple
  3161 | Temple   | Became a worshipper of Makhleb the Destroyer
  3552 | D:5      | Reached XP level 7. HP: 57/59 MP: 7/7
  3815 | D:5      | Found a basalt altar of Yredelemnul.
  4036 | D:6      | Reached XP level 8. HP: 51/65 MP: 8/8
  4052 | D:6      | Reached skill level 9 in Maces & Flails
  4360 | D:6      | Reached * piety under Makhleb
  4361 | D:6      | Noticed a wyvern
  4370 | D:6      | Killed a wyvern
  4503 | D:6      | Reached XP level 9. HP: 72/72 MP: 9/9
  4510 | D:6      | Reached skill level 1 in Invocations
  5514 | D:7      | Reached skill level 10 in Maces & Flails
  5536 | D:7      | Found Wait's Jewellery Shop.
  5759 | D:8      | Noticed NigelTetley's ghost (novice OpTm)
  5760 | D:8      | Found a bloodstained altar of Trog.
  5760 | D:8      | Noticed a moth of wrath
  5776 | D:8      | Found a transporter.
  5781 | D:8      | Found a transporter.
  5901 | D:8      | Found an iron altar of Okawaru.
  6232 | D:8      | Paralysed by a centaur for 3 turns
  6239 | D:8      | Reached ** piety under Makhleb
  6240 | D:8      | Reached XP level 10. HP: 75/80 MP: 12/12
  6386 | D:8      | Noticed a two-headed ogre
  6390 | D:8      | Killed a two-headed ogre
  6402 | D:8      | Found a glowing golden altar of the Shining One.
  6443 | D:8      | Found a shadowy altar of Dithmenos.
  6445 | D:8      | Found a hide-covered altar of Uskayaw.
  6446 | D:8      | Found an opulent altar of Gozag.
  6456 | D:8      | Found an ancient bone altar of Kikubaaqudgha.
  6511 | D:8      | Noticed a centaur warrior
  6520 | D:8      | Killed a centaur warrior
  6521 | D:8      | Reached skill level 11 in Maces & Flails
  6735 | D:9      | Noticed a two-headed ogre
  6757 | D:9      | Reached XP level 11. HP: 71/87 MP: 14/14
  6758 | D:9      | Reached skill level 5 in Invocations
  6871 | D:9      | Noticed Psyche
  6873 | D:9      | Noticed a cyclops
  6881 | D:9      | Killed Psyche
  6892 | D:9      | Killed a cyclops
  7265 | D:10     | Entered Level 10 of the Dungeon
  7268 | D:10     | Noticed Erica
  7346 | D:10     | Found Qamoeck's Neck Hole.
  7414 | D:10     | Noticed a two-headed ogre
  7540 | D:9      | Killed a two-headed ogre
  7541 | D:9      | Reached skill level 12 in Maces & Flails
  7581 | D:10     | Reached *** piety under Makhleb
  7648 | D:10     | Killed Erica
  7736 | D:10     | Identified the +3 ring mail of Doniofiu {rPois rC+++ Slay-2
                  | SInv}
  7982 | D:10     | Found the +18 Lear's hauberk
  8131 | D:11     | Found a staircase to the Orcish Mines.
  8264 | D:10     | Noticed a manticore
  8272 | D:10     | Reached **** piety under Makhleb
  8282 | D:10     | Killed a manticore
  8291 | D:10     | Noticed an ogre mage
  8291 | D:10     | Noticed a harpy
  8294 | D:10     | a harpy changed into a hornet
  8298 | D:10     | Reached XP level 12. HP: 96/96 MP: 16/16
  8299 | D:10     | Paralysed by an ogre mage for 2 turns
  8325 | D:10     | Killed an ogre mage
  8458 | D:10     | Noticed a two-headed ogre
  8458 | D:10     | Noticed a six-headed hydra
  8473 | D:10     | Reached skill level 13 in Maces & Flails
  8544 | D:10     | Killed a one-headed hydra
  8618 | D:10     | Killed a two-headed ogre
  8665 | D:11     | Reached skill level 10 in Fighting
  8671 | D:11     | Noticed a two-headed ogre
  8679 | D:11     | Killed a two-headed ogre
  8700 | D:11     | Identified a scroll of acquirement
  8704 | D:11     | Acquired 845 gold pieces
  8819 | D:11     | Found a staircase to the Lair.
  8908 | D:11     | Killed a two-headed ogre
  9143 | Lair:1   | Entered Level 1 of the Lair of Beasts
  9317 | Lair:1   | Noticed a death yak
  9319 | Lair:1   | Noticed a death yak
  9320 | Lair:1   | Noticed a death yak
  9355 | Lair:1   | Killed a death yak
  9359 | Lair:1   | Killed a death yak
  9360 | Lair:1   | Reached XP level 13. HP: 54/104 MP: 17/19
  9371 | Lair:1   | Reached skill level 14 in Maces & Flails
  9630 | Lair:1   | Found a shimmering blue altar of Sif Muna.
  9697 | Lair:1   | Reached skill level 10 in Armour
  9917 | Lair:2   | Noticed a seven-headed hydra
  9928 | Lair:2   | Killed a one-headed hydra
 10067 | Lair:2   | Reached ***** piety under Makhleb
 10287 | Lair:2   | Found a staircase to the Snake Pit.
 10614 | Lair:3   | Noticed Amaemon
 10623 | Lair:3   | Killed Amaemon
 10662 | Lair:3   | Noticed a seven-headed hydra
 10673 | Lair:3   | Killed a one-headed hydra
 10763 | Lair:3   | Reached skill level 1 in Shields
 10784 | Lair:3   | Reached skill level 15 in Maces & Flails
 10818 | Lair:3   | Noticed Nessos
 11037 | Lair:3   | Killed Nessos
 11210 | Lair:3   | Reached XP level 14. HP: 92/113 MP: 21/21
 11559 | Lair:3   | Found a staircase to the Shoals.
 11967 | Lair:4   | Noticed Kirke
 11985 | Lair:4   | Killed Kirke
 12554 | Lair:5   | Entered Level 5 of the Lair of Beasts
 12585 | Lair:5   | Reached skill level 10 in Invocations
 12634 | Lair:5   | Found a shimmering blue altar of Sif Muna.
 12640 | Lair:5   | Found a viscous altar of Jiyva.
 12640 | Lair:5   | Found a staircase to the Slime Pits.
 12930 | Lair:5   | Reached skill level 16 in Maces & Flails
 13048 | Lair:5   | Reached ****** piety under Makhleb
 13417 | Lair:5   | Reached skill level 1 in Axes
 13477 | Lair:5   | Noticed a dire elephant
 13477 | Lair:5   | Noticed a dire elephant
 13477 | Lair:5   | Noticed a dire elephant
 13501 | Lair:5   | Noticed a dire elephant
 13514 | Lair:5   | Noticed a dire elephant
 13526 | Lair:5   | Killed a dire elephant
 13559 | Lair:5   | Reached XP level 15. HP: 121/121 MP: 23/23
 13960 | Lair:5   | HP: 6/122 [dire elephant (18)]
 13963 | Lair:5   | HP: 2/122 [dire elephant (3)]
 14364 | Orc:1    | Entered Level 1 of the Orcish Mines
 14376 | Orc:1    | Noticed an orc warlord
 14449 | Orc:1    | HP: 2/122 [troll (10)]
 14452 | Orc:1    | Killed from afar by a blizzard demon

Illustrated notes

Levels and vault maps discovered:
D:1:      dpeg_arrival_more_subterranean_lakeside_camping, layout_basic
D:2:      layout_rooms
D:3:      layout_loops_ring, shapermc_ecumenical_altar_notcrosses, serial_shops,
          shop, roderic_batcave, uniq_jessica
D:4:      layout_basic, mainiacjoe_overflow_brackets,
          minmay_temple_entry_proselytizer, gup_sewer_entry_spiral,
          nrook_loot_triangle, minmay_misc_feat_square,
          corexii_leaking_fountain, minmay_bisected
D:5:      layout_rooms, yredelemnul_forgotten_temple_becter
D:6:      layout_basic
D:7:      layout_basic, serial_shops, nicolae_shop_waterfront
D:8:      layout_basic, mainiacjoe_overflow_cross_hatched,
          nicolae_overflow_hallway_of_the_gods,
          gammafunk_ghost_wrathful_warriors, hex_large,
          small_chamber_with_monster, minmay_misc_feat_x
D:9:      layout_gridville, uniq_psyche
D:10:     minmay_klotski, layout_cave_pools, nicolae_shop_sticking_my_neck_out,
          uniq_erica
D:11:     layout_rooms, lair_entry_dummy, zombieorc2_lemuel
Temple:   nicolae_temple_ecumenical_triangle
Lair:1:   layout_misc_corridors, basic_altar, infiniplex_staircase_pool_2
Lair:2:   layout_hall_layers, minmay_snake_entry_guardpost_small,
          grunt_megastairs_5, lemuel_fruit_tree
Lair:3:   layout_roguey, shoals_dummy_entry, grunt_megastairs_2, uniq_nessos,
          uniq_amaemon
Lair:4:   layout_misc_corridors, serial_forest, infiniplex_forest_lined_1,
          infiniplex_forest_corner_2, infiniplex_forest_lined_3_way,
          infiniplex_forest_end_1, infiniplex_forest_straight_2,
          infiniplex_forest_lined_2, infiniplex_forest_corner_2,
          infiniplex_forest_clump_diagonal, uniq_kirke
Lair:5:   due_jungle_book, layout_misc_corridors, slime_entry_1, basic_altar,
          serial_bayou_shore_b, grunt_megastairs_3
Orc:1:    layout_caves, gammafunk_ghost_necromancy, lightli_church_of_beogh

Skill      XL: |  1  2  3  4  5  6  7  8  9 10 11 12 13 14 15 |
---------------+----------------------------------------------+-----
Fighting       | 6 7 8 9 10 11 12 | 12.7
Maces & Flails | 7 8 9 10 11 12 13 15 16 | 16.0
Armour         | 5 6 7 8 9 10 11 12 | 12.2
Invocations    | 3 4 6 8 9 10 11 | 11.4
Shields        | 2 4 |  4.0
Axes           | 2 4 |  4.0
Dodging        | |  2.3
Stealth        | |  5.2

Action                   |  1- 3 |  4- 6 |  7- 9 | 10-12 | 13-15 || total
-------------------------+-------+-------+-------+-------+-------++-------
Melee: Mace              |    88 |    13 |       |       |       ||   101
       Punch             |     2 |     1 |     2 |     9 |     4 ||    18
       Club              |       |   125 |       |       |       ||   125
       War axe           |       |    24 |   166 |   400 |   753 ||  1343
       Scimitar          |       |       |       |    16 |    32 ||    48
Invok: Lesser Servant of |       |       |       |     1 |       ||     1
       Greater Servant o |       |       |       |       |     1 ||     1
  Use: Scroll            |     5 |     2 |     9 |     8 |     5 ||    29
       Potion            |     2 |       |       |     1 |     3 ||     6
 Stab: Sleeping          |     1 |     4 |     1 |       |       ||     6
       Distracted        |       |     2 |       |       |       ||     2
       Invisible         |       |       |       |     1 |       ||     1
Armor: Leather armour    |     4 |       |       |       |       ||     4
       Ring mail         |    39 |       |       |       |       ||    39
       Scale mail        |       |    52 |    99 |   116 |       ||   267
       Chain mail        |       |       |       |   309 |   638 ||   947
Dodge: Dodged            |    59 |    76 |    88 |   217 |   262 ||   702
Block: Buckler           |       |       |       |       |   124 ||   124

Table legend: (Time is in decaauts)
 A = Elapsed time spent in this place.
 B = Non-inter-level travel time spent in this place.
 C = Inter-level travel time spent in this place.
 D = Time resting spent in this place.
 E = Time spent auto-exploring this place.
 F = Levels seen in this place.
 G = Mean time per level.
                   A        B        C        D        E       F      G
               +--------+--------+--------+--------+--------+-----+--------+
         Total |  14692 |  13944 |    748 |   1622 |   6760 |  19 |  773.3 |
       Dungeon |   8725 |   8300 |    425 |    752 |   4501 |  11 |  793.2 |
        Temple |     68 |     45 |     23 |      0 |     20 |   1 |   68.0 |
          Lair |   5214 |   4916 |    298 |    722 |   2213 |   5 | 1042.8 |
  Orcish Mines |     37 |     37 |      0 |      0 |      0 |   1 |   37.0 |
         Sewer |    647 |    647 |      0 |    148 |     25 |   1 |  647.0 |
               +--------+--------+--------+--------+--------+-----+--------+

Top non-repeatable levels by time:
  Lair:5: 1718 daAuts
    D:10: 1138 daAuts
  Lair:3: 1016 daAuts
     D:8: 1001 daAuts
  Lair:2: 916 daAuts
     D:7: 911 daAuts
  Lair:4: 867 daAuts
     D:6: 862 daAuts
     D:4: 817 daAuts
     D:1: 806 daAuts
     D:9: 785 daAuts
     D:3: 752 daAuts
    D:11: 729 daAuts
  Lair:1: 695 daAuts
   Sewer: 647 daAuts
